Map: Ruins of Seras

Players

MMA - Winner!

  • Race: Terran Terran
  • League: Diamond

State

  • Race: Protoss Protoss
  • League: Grandmaster

VOD

Have the link to the VOD?

Description

Time

  • Played on: Dec. 28, 2015, 2:24 a.m.
  • Length: 11:37
Show
View Real Time Build Order
Export as new Build Order

MMA Terran - Winner!

Build Orders: 1/1/1, Liberator Opening, MMM Bio 

Get SALT Encoding   

  12  0:01  SCV  
  13  0:13  SCV  
  14  0:18  Supply Depot  
  14  0:25  SCV  
  15  0:39  SCV  
  15  0:41  Barracks  
  16  0:45  Refinery  
  16  0:51  SCV  
  16  0:55  Refinery  
  17  1:04  SCV  
  18  1:16  SCV  
  19  1:28  Marine, Orbital Command  
  20  1:34  Factory  
  20  1:46  Barracks Reactor  
  20  1:48  Supply Depot  
  20  1:53  SCV  
  21  2:05  SCV  
  22  2:17  Starport, Widow Mine  
  22  2:19  SCV  
  25  2:23  Marine x2  
  25  2:29  Supply Depot  
  27  2:31  SCV  
  28  2:40  Marine  
  28  2:41  Marine  
  28  2:43  SCV  
  31  2:50  Widow Mine  
  33  2:54  Medivac  
  33  2:55  SCV  
  35  3:01  Supply Depot  
  35  3:06  Marine  
  37  3:18  Liberator  
  36  3:29  Command Center  
  36  3:40  Factory Tech Lab  
  39  3:47  Barracks  
  39  3:51  SCV  
  40  3:56  Marine x2  
  42  4:03  SCV  
  43  4:14  Marine x2  
  43  4:19  SCV  
  44  4:25  Factory Tech Lab, Liberator  
  44  4:29  Barracks  
  44  4:32  Marine x2  
  44  4:33  SCV  
  47  4:41  Orbital Command  
  51  4:45  SCV  
  51  4:52  Marine x2  
  51  4:56  Marauder  
  50  5:00  Siege Tank  
  50  5:06  Stimpack  
  50  5:17  Supply Depot  
  50  5:18  Barracks Tech Lab  
  50  5:19  Marine, Marauder  
  50  5:20  Marine  
  52  5:26  Bunker  
  52  5:28  SCV x2  
  54  5:37  Marauder  
  54  5:39  Marine x2  
  54  5:41  SCV x2  
  60  5:46  Supply Depot  
  60  5:48  Medivac  
  62  5:52  Combat Shields  
  62  5:56  SCV x2  
  64  6:02  Siege Tank  
  67  6:10  Engineering Bay  
  67  6:13  Marauder x2  
  67  6:14  Marine  
  67  6:16  Marine  
  73  6:22  Supply Depot  
  73  6:25  Starport Reactor  
  73  6:27  Refinery  
  73  6:29  SCV x2  
  75  6:36  Terran Infantry Weapons Level 1  
  75  6:37  Supply Depot  
  75  6:38  Marine  
  75  6:39  Marine  
  76  6:42  SCV  
  76  6:44  SCV  
  81  6:47  Marauder  
  81  6:59  SCV x2  
  83  7:03  Marine x2, Marauder  
  83  7:06  Concussive Shells  
  89  7:08  Marauder  
  89  7:11  Supply Depot  
  89  7:13  SCV x2  
  91  7:16  Medivac x2  
  91  7:21  Marine x2  
  97  7:26  SCV x2  
  97  7:28  Marauder  
  101  7:32  Marauder  
  102  7:42  SCV  
  102  7:43  SCV  
  103  7:49  Marauder  
  96  7:51  Missile Turret  
  96  7:52  Barracks  
  96  7:54  Marauder  
  96  7:55  Barracks  
  90  8:02  Liberator  
  83  8:08  Marine x2  
  83  8:10  SCV x2  
  83  8:11  Marauder  
  89  8:15  Marauder  
  94  8:20  Medivac  
  89  8:30  SCV  
  89  8:31  SCV  
  89  8:32  Marauder  
  93  8:37  Marauder  
  93  8:38  Marine x2  
  97  8:41  Factory Tech Lab  
  97  8:45  Barracks Reactor, Barracks Tech Lab  
  97  8:47  Terran Infantry Armor Level 1  
  97  8:49  Command Center  
  97  8:54  Marauder  
  99  8:57  Marine x2  
  99  8:58  Marauder  
  99  9:02  Supply Depot  
  103  9:03  Refinery  
  103  9:12  Marauder  
  103  9:15  Marauder  
  104  9:18  Liberator x2  
  104  9:19  Marauder  
  104  9:23  Factory Reactor  
  104  9:28  Marine x2  
  103  9:34  Marauder, Marine x2  
  103  9:36  Marauder  
  108  9:48  Marine x2, Marauder  
  109  9:56  Marauder  
  109  9:58  Marauder  
  113  10:00  Supply Depot  
  113  10:05  Armory, Engineering Bay  
  112  10:07  Missile Turret  
  112  10:08  Marine  
  112  10:10  Marine  
  110  10:18  Marauder x2  
  114  10:27  SCV x2  
  116  10:30  Orbital Command  
  116  10:31  Missile Turret  
  116  10:36  Marauder  
  116  10:37  Marine  
  116  10:39  Marauder  
  121  10:43  Marauder  
  121  10:46  Starport Reactor  
  121  10:47  Marine  
  124  10:56  Widow Mine  
  126  10:58  Widow Mine, Marauder  
Show
View Real Time Build Order
Export as new Build Order

State Protoss 

Build Orders: 1 Gate Expand 

Get SALT Encoding   

  12  0:00  Probe (Chrono Boost)  
  13  0:11  Probe (Chrono Boost)  
  14  0:19  Pylon  
  14  0:22  Probe (Chrono Boost)  
  15  0:37  Probe (Chrono Boost), Gateway  
  16  0:43  Assimilator  
  16  0:48  Probe (Chrono Boost)  
  17  0:58  Probe (Chrono Boost)  
  18  1:09  Probe (Chrono Boost)  
  19  1:23  Nexus  
  20  1:25  Probe (Chrono Boost)  
  20  1:35  Cybernetics Core  
  20  1:39  Probe (Chrono Boost)  
  21  1:48  Assimilator  
  21  1:50  Probe (Chrono Boost)  
  22  1:55  Pylon  
  22  2:00  Probe (Chrono Boost)  
  23  2:13  Stalker, Warp Gate  
  23  2:14  Probe (Chrono Boost)  
  25  2:25  Probe (Chrono Boost)  
  25  2:29  Robotics Facility  
  26  2:35  Probe (Chrono Boost)  
  26  2:36  Probe (Chrono Boost)  
  28  2:45  Probe (Chrono Boost)  
  28  2:47  Stalker  
  28  2:50  Probe (Chrono Boost)  
  32  2:56  Probe (Chrono Boost)  
  33  3:01  Probe (Chrono Boost)  
  34  3:06  Pylon  
  34  3:08  Mothership Core (Chrono Boost)  
  34  3:12  Probe (Chrono Boost)  
  37  3:18  Observer  
  37  3:19  Stalker  
  40  3:22  Probe (Chrono Boost)  
  40  3:26  Probe (Chrono Boost)  
  42  3:33  Probe (Chrono Boost)  
  43  3:35  Twilight Council  
  43  3:37  Probe (Chrono Boost), Gateway  
  44  3:43  Probe (Chrono Boost)  
  44  3:46  Gateway  
  44  3:47  Probe (Chrono Boost)  
  46  3:53  Pylon  
  46  3:55  Probe (Chrono Boost)  
  47  3:58  Probe (Chrono Boost)  
  48  4:05  Probe (Chrono Boost)  
  48  4:09  Probe (Chrono Boost)  
  50  4:14  Observer  
  50  4:16  Probe (Chrono Boost)  
  52  4:17  Assimilator x2  
  52  4:18  Probe (Chrono Boost), Pylon, Blink (Chrono Boost)  
  53  4:27  Probe  
  55  4:35  Immortal  
  49  4:39  Probe  
  49  4:41  Stalker  
  49  4:42  Probe  
  49  4:52  Probe x2  
  51  5:03  Probe  
  51  5:04  Probe  
  50  5:13  Probe  
  48  5:16  Probe  
  48  5:17  Observer  
  48  5:20  Stalker x2  
  55  5:25  Probe (Chrono Boost)  
  55  5:28  Pylon  
  56  5:31  Probe (Chrono Boost)  
  57  5:36  Probe (Chrono Boost)  
  57  5:40  Observer  
  57  5:42  Probe (Chrono Boost)  
  60  5:47  Probe (Chrono Boost)  
  61  5:55  Probe (Chrono Boost)  
  62  5:57  Probe (Chrono Boost), Nexus  
  63  6:05  Probe (Chrono Boost), Warp Prism (Chrono Boost)  
  63  6:08  Probe (Chrono Boost)  
  67  6:13  Dark Shrine, Charge  
  67  6:16  Probe (Chrono Boost)  
  68  6:24  Probe (Chrono Boost)  
  69  6:26  Probe (Chrono Boost)  
  69  6:29  Forge  
  70  6:34  Probe  
  70  6:38  Forge  
  70  6:39  Probe  
  72  6:40  Pylon  
  72  6:48  Probe  
  72  6:52  Probe  
  76  6:56  Pylon  
  76  6:58  Pylon  
  76  7:06  Pylon  
  76  7:07  Pylon  
  76  7:09  Probe x2  
  76  7:11  Sentry x2  
  76  7:12  Sentry  
  76  7:15  Protoss Ground Weapons Level 1, Protoss Ground Armor Level 1  
  84  7:18  Probe  
  84  7:21  Probe  
  84  7:23  Gateway  
  84  7:25  Gateway  
  84  7:36  Dark Templar  
  84  7:37  Dark Templar x2  
  88  7:38  Probe x2  
  88  7:42  Immortal (Chrono Boost)  
  94  7:47  Probe  
  94  7:50  Probe  
  94  7:53  Probe  
  81  8:08  Mothership Core  
  81  8:09  Stalker x2, Dark Templar  
  81  8:12  Probe x2  
  85  8:16  Immortal (Chrono Boost)  
  84  8:24  Probe x2  
  84  8:25  Pylon  
  84  8:26  Pylon  
  83  8:30  Probe  
  83  8:32  Stalker  
  83  8:33  Stalker  
  87  8:36  Probe x2  
  87  8:41  Probe  
  89  8:42  Gateway  
  89  8:43  Gateway  
  89  8:45  Gateway  
  90  8:48  Stalker x2  
  90  8:49  Stalker, Gateway x2  
  90  8:54  Probe, Assimilator  
  90  8:55  Probe x2  
  98  8:56  Assimilator  
  99  9:07  Stalker, Dark Templar, Probe  
  96  9:11  Probe  
  96  9:12  Probe  
  89  9:18  Stalker x2  
  89  9:19  Probe  
  89  9:21  Probe  
  92  9:25  Probe  
  92  9:31  Probe  
  88  9:32  Probe  
  88  9:37  Probe  
  88  9:38  Stalker  
  87  9:43  Probe  
  87  9:44  Probe  
  87  9:45  Dark Templar x2  
  87  9:47  Dark Templar  
  85  9:59  Probe x2  
  87  10:01  Probe  
  88  10:11  Probe  
  88  10:12  Probe  
  88  10:13  Probe  
  91  10:25  Immortal (Chrono Boost)  
  91  10:41  Nexus  
  91  10:43  Pylon  
  91  10:44  Pylon  
  91  10:46  Sentry x2  
  91  10:47  Sentry, Zealot x5  
  107  10:56  Immortal  
  107  10:58  Pylon  
  107  11:01  Pylon  
  107  11:04  Pylon  
  111  11:07  Pylon  
  111  11:12  Zealot x3  
  105  11:23  Stalker x3  
  105  11:24  Zealot  
  88  11:27  Zealot  
Tags
 
Add a new tag
Caveats
  • Supply blocks, unpowered buildings, or Contaminate may cause inaccurate times.
  • Supply counts are checked every 10 seconds.